BSA
BAFFIN ISLAND BEAVERS @ SAN FRANCISCO BANDITS
06/27/2028
 
TOP OF THE 1ST
Baffin Island Beavers batting - Pitching for San Francisco Bandits : RHP Mabuchi Yoshida
Pitching: RHP Mabuchi Yoshida
Batting: RHB Eduardo García 0-0: SINGLE (Line Drive, 78S)
Batting: LHB Norberto Muñóz 0-0: Ground out 1-3 (Groundball, 15S)
Eduardo García to second
Batting: RHB Dave Craig 0-0: Ball
1-0: Foul Ball, location: 2F
1-1: Ball
2-1: Foul Ball, location: 2F
2-2: Ball
3-2: Base on Balls
Batting: RHB Tony Morton 0-0: Grounds into double play, 4-6-3 (Groundball, 4)
Top of the 1st over - 0 run(s), 1 hit(s), 0 error(s), 1 left on base; Baffin Island 0 - San Francisco 0
BOTTOM OF THE 1ST
San Francisco Bandits batting - Pitching for Baffin Island Beavers : RHP Robert Reeves
Pitching: RHP Robert Reeves
Batting: RHB Raúl Bruno 0-0: Foul Ball, location: 2F
0-1: Called Strike
0-2: Ball
1-2: Ball
2-2: Strikes out looking
Batting: LHB Seung-woo Yi 0-0: Called Strike
0-1: Foul Ball, location: 2F
0-2: Ball
1-2: Ball
2-2: Foul Ball, location: 2F
2-2: Strikes out swinging
Batting: RHB Owen Carter 0-0: Called Strike
0-1: Ball
1-1: Swinging Strike
1-2: Ground out 6-3 (Groundball, 6)
Bottom of the 1st over - 0 run(s), 0 hit(s), 0 error(s), 0 left on base; Baffin Island 0 - San Francisco 0
TOP OF THE 2ND
Baffin Island Beavers batting - Pitching for San Francisco Bandits : RHP Mabuchi Yoshida
Batting: LHB Robert Phillips 0-0: Ball
1-0: Ball
2-0: Ball
3-0: Called Strike
3-1: Fly out, F7 (Flyball, 7D)
Batting: LHB Lorenzo Villa 0-0: Ball
1-0: Swinging Strike
1-1: Swinging Strike
1-2: Ball
2-2: Fly out, F8 (Flyball, 89D)
Batting: LHB Keng-chi Lao 0-0: SINGLE (Flyball, 89S)
Batting: LHB Mike MacFadden 0-0: Called Strike
Keng-chi Lao steals 2nd base
0-1: Called Strike
0-2: Ball
1-2: Ball
2-2: Ball
3-2: DOUBLE (Flyball, 7LM)
Keng-chi Lao scores
Batting: RHB António Valdéz 0-0: Ground out 5-3 (Groundball, 5)
Top of the 2nd over - 1 run(s), 2 hit(s), 0 error(s), 1 left on base; Baffin Island 1 - San Francisco 0
BOTTOM OF THE 2ND
San Francisco Bandits batting - Pitching for Baffin Island Beavers : RHP Robert Reeves
Batting: LHB Mario García 0-0: Called Strike
0-1: Ball
1-1: Ball
2-1: Ball
3-1: Called Strike
3-2: Foul Ball, location: 2F
3-2: DOUBLE (Groundball, 3L)
Batting: RHB Glenn Melican 0-0: Ball
1-0: Ground out 5-3 (Groundball, 56S)
Mario García to third
Batting: LHB Anacleto Morillo 0-0: Called Strike
0-1: Foul Ball, location: 2F
0-2: Foul Ball, location: 2F
0-2: Ball
1-2: Ball
2-2: Fly out, F5 (Popup, 5S)
Batting: RHB Scott Merritt 0-0: Foul Ball, location: 2F
0-1: Swinging Strike
0-2: Strikes out looking
Bottom of the 2nd over - 0 run(s), 1 hit(s), 0 error(s), 1 left on base; Baffin Island 1 - San Francisco 0
TOP OF THE 3RD
Baffin Island Beavers batting - Pitching for San Francisco Bandits : RHP Mabuchi Yoshida
Batting: RHB Eduardo García 0-0: Called Strike
0-1: Foul Ball, location: 2F
0-2: Strikes out looking
Batting: LHB Norberto Muñóz 0-0: Ball
1-0: Ball
2-0: Ball
3-0: Called Strike
3-1: Foul Ball, location: 2F
3-2: TRIPLE (Flyball, 9LD)
Batting: RHB Dave Craig 0-0: Ball
1-0: Called Strike
1-1: Ground out 6-3 (Groundball, 6)
Norberto Muñóz scores
Batting: RHB Tony Morton 0-0: Called Strike
0-1: Ball
1-1: Ball
2-1: Fly out, F3 (Line Drive, 3)
Top of the 3rd over - 1 run(s), 1 hit(s), 0 error(s), 0 left on base; Baffin Island 2 - San Francisco 0
BOTTOM OF THE 3RD
San Francisco Bandits batting - Pitching for Baffin Island Beavers : RHP Robert Reeves
Batting: RHB Ramón Ruíz 0-0: Called Strike
0-1: Called Strike
0-2: Foul Ball, location: 2F
0-2: Ball
1-2: Ball
2-2: Foul Ball, location: 2F
2-2: Strikes out swinging
Batting: LHB Alberto Gómez 0-0: Called Strike
0-1: Ball
1-1: SINGLE (Line Drive, 7LS)
Batting: RHB Raúl Bruno 0-0: Ball
1-0: Ball
Alberto Gómez steals 2nd base
2-0: Ball
3-0: Hit by Pitch
Pinch Runner at 1st Gustavo Ortíz:
Batting: LHB Seung-woo Yi 0-0: Foul Ball, location: 2F
0-1: Swinging Strike
0-2: Ball
1-2: Fly out, F8 (Flyball, 8RM)
Batting: RHB Owen Carter 0-0: Ball
1-0: Called Strike
1-1: DOUBLE (Flyball, 8RD)
Alberto Gómez scores
Gustavo Ortíz to third
Runner from 3rd tries for Home, SAFE, no throw
Batting: LHB Mario García 0-0: Fly out, F3 (Popup, 3S)
Bottom of the 3rd over - 2 run(s), 2 hit(s), 0 error(s), 1 left on base; Baffin Island 2 - San Francisco 2
TOP OF THE 4TH
Baffin Island Beavers batting - Pitching for San Francisco Bandits : RHP Mabuchi Yoshida
Now at SS: Gustavo Ortíz
Batting: LHB Robert Phillips 0-0: Called Strike
0-1: Ball
1-1: SOLO HOME RUN (Flyball, 89XD), Distance : 422 ft
Batting: LHB Lorenzo Villa 0-0: Ball
1-0: Ground out 3-1 (Groundball, 34)
Batting: LHB Keng-chi Lao 0-0: Ball
1-0: SINGLE (Groundball, 4MD)
Batting: LHB Mike MacFadden 0-0: Ball
1-0: Foul Ball, location: 2F
1-1: Called Strike
1-2: Grounds into double play, 4-6-3 (Groundball, 4)
Top of the 4th over - 1 run(s), 2 hit(s), 0 error(s), 0 left on base; Baffin Island 3 - San Francisco 2
BOTTOM OF THE 4TH
San Francisco Bandits batting - Pitching for Baffin Island Beavers : RHP Robert Reeves
Batting: RHB Glenn Melican 0-0: Foul Ball, location: 2F
0-1: Ball
1-1: Ground out 5-3 (Groundball, 5)
Batting: LHB Anacleto Morillo 0-0: Ball
1-0: Ball
2-0: Ball
3-0: Called Strike
3-1: Base on Balls
Batting: RHB Scott Merritt 0-0: Ball
1-0: Ball
2-0: Ball
3-0: SINGLE (Line Drive, 8RS)
Anacleto Morillo to second
Batting: RHB Ramón Ruíz 0-0: Foul Ball, location: 2F
0-1: Foul Ball, location: 2F
0-2: Ball
1-2: Ball
2-2: Strikes out swinging
Batting: LHB Alberto Gómez 0-0: Called Strike
0-1: Ball
1-1: Ground out U3 (Groundball, 3L)
Bottom of the 4th over - 0 run(s), 1 hit(s), 0 error(s), 2 left on base; Baffin Island 3 - San Francisco 2
TOP OF THE 5TH
Baffin Island Beavers batting - Pitching for San Francisco Bandits : RHP Mabuchi Yoshida
Batting: RHB António Valdéz 0-0: Ground out 5-3 (Groundball, 5)
Batting: RHB Eduardo García 0-0: Foul Ball, location: 2F
0-1: Ball
1-1: Swinging Strike
1-2: Strikes out looking
Batting: LHB Norberto Muñóz 0-0: Ball
1-0: Fly out, F6 (Flyball, 56D)
Top of the 5th over - 0 run(s), 0 hit(s), 0 error(s), 0 left on base; Baffin Island 3 - San Francisco 2
BOTTOM OF THE 5TH
San Francisco Bandits batting - Pitching for Baffin Island Beavers : RHP Robert Reeves
Batting: RHB Gustavo Ortíz 0-0: Ball
1-0: Foul Ball, location: 2F
1-1: Foul Ball, location: 2F
1-2: Ball
2-2: Foul Ball, location: 2F
2-2: Foul Ball, location: 2F
2-2: Strikes out looking
Batting: LHB Seung-woo Yi 0-0: Called Strike
0-1: Ball
1-1: Ball
2-1: Ground out 4-3 (Groundball, 34)
Batting: RHB Owen Carter 0-0: Ball
1-0: SINGLE (Flyball, 89S)
Batting: LHB Mario García 0-0: Ball
1-0: Ball
2-0: Fielders Choice at 2nd, 6-4 (Groundball, 6)
Bottom of the 5th over - 0 run(s), 1 hit(s), 0 error(s), 0 left on base; Baffin Island 3 - San Francisco 2
TOP OF THE 6TH
Baffin Island Beavers batting - Pitching for San Francisco Bandits : RHP Mabuchi Yoshida
Batting: RHB Dave Craig 0-0: Ball
1-0: Ball
2-0: Ball
3-0: Base on Balls
Batting: RHB Tony Morton 0-0: Called Strike
0-1: Ball
1-1: Ball
2-1: Ball
3-1: Foul Ball, location: 2F
3-2: Reached on error, E5 (Groundball, 5)
Dave Craig to second
Batting: LHB Robert Phillips 0-0: Ball
1-0: Called Strike
1-1: Ball
2-1: Ball
3-1: Called Strike
3-2: Strikes out looking
Batting: LHB Lorenzo Villa 0-0: Swinging Strike
0-1: Foul Ball, location: 2F
0-2: Ball
1-2: Ball
2-2: Ball
3-2: Fly out, F8 (Flyball, 89S)
Batting: LHB Keng-chi Lao 0-0: Swinging Strike
0-1: Called Strike
0-2: Foul Ball, location: 2F
0-2: Ball
1-2: SINGLE (Groundball, 15S) (infield hit)
Dave Craig to third
Tony Morton to second
Batting: LHB Mike MacFadden 0-0: Called Strike
0-1: Ball
1-1: Fly out, F6 (Popup, 56)
Top of the 6th over - 0 run(s), 1 hit(s), 1 error(s), 3 left on base; Baffin Island 3 - San Francisco 2
BOTTOM OF THE 6TH
San Francisco Bandits batting - Pitching for Baffin Island Beavers : RHP Robert Reeves
Batting: RHB Glenn Melican 0-0: Ball
1-0: Called Strike
1-1: Ball
2-1: Ball
3-1: Swinging Strike
3-2: SOLO HOME RUN (Flyball, 78XD), Distance : 363 ft
Batting: LHB Anacleto Morillo 0-0: Swinging Strike
0-1: Called Strike
0-2: Foul Ball, location: 2F
0-2: Ball
1-2: Ball
2-2: Ball
3-2: Strikes out swinging
Batting: RHB Scott Merritt 0-0: Ball
1-0: Ground out 6-3 (Groundball, 6)
Batting: RHB Ramón Ruíz 0-0: Called Strike
0-1: Ball
1-1: Foul Ball, location: 2F
1-2: Strikes out swinging
Bottom of the 6th over - 1 run(s), 1 hit(s), 0 error(s), 0 left on base; Baffin Island 3 - San Francisco 3
TOP OF THE 7TH
Baffin Island Beavers batting - Pitching for San Francisco Bandits : RHP Mabuchi Yoshida
Pinch Hitting: SHB Ron Edwards 0-0: Called Strike
0-1: Ball
1-1: Ball
2-1: Called Strike
2-2: SINGLE (Groundball, 4D)
Batting: RHB Eduardo García 0-0: Called Strike
0-1: Called Strike
0-2: Ball
1-2: Ball
Wild Pitch!
Ron Edwards to second
2-2: Fly out, F9 (Flyball, 9LD)
Runner from 2nd tags up, SAFE at 3rd, no throw
Batting: LHB Norberto Muñóz 0-0: Foul Ball, location: 2F
0-1: Ball
1-1: Ball
2-1: Ball
3-1: Fly out, F8 (Flyball, 8RXD)
Runner from 3rd tags up, SCORES, no throw
Batting: RHB Dave Craig 0-0: Ball
1-0: Ball
2-0: Ball
3-0: Base on Balls
Batting: RHB Tony Morton 0-0: Called Strike
0-1: Ball
1-1: 2-RUN HOME RUN (Flyball, 7D), Distance : 366 ft
Batting: LHB Robert Phillips 0-0: SINGLE (Groundball, 34D)
Batting: LHB Lorenzo Villa 0-0: Called Strike
0-1: Ball
1-1: Ball
2-1: 2-RUN HOME RUN (Flyball, 89XD), Distance : 432 ft
Pitching: RHP Alfonso Martínez
Batting: LHB Keng-chi Lao 0-0: Ball
1-0: Foul Ball, location: 2F
1-1: SINGLE (Flyball, 78S)
Batting: LHB Mike MacFadden 0-0: SINGLE (Groundball, 34D)
Keng-chi Lao to second
Runner from 2nd tries for 3rd, SAFE, throw made to third
Batting: SHB Ron Edwards 0-0: Ball
1-0: Ball
2-0: Ball
3-0: Called Strike
3-1: Fielders Choice at 2nd, 4-6 (Groundball, 34)
Top of the 7th over - 5 run(s), 6 hit(s), 0 error(s), 1 left on base; Baffin Island 8 - San Francisco 3
BOTTOM OF THE 7TH
San Francisco Bandits batting - Pitching for Baffin Island Beavers : RHP Robert Reeves
Now at 2B: Ángelo García
Batting: LHB Alberto Gómez 0-0: Ball
1-0: Called Strike
1-1: DOUBLE (Flyball, 78D)
Pitching: RHP Colm Stewart
Batting: RHB Gustavo Ortíz 0-0: Called Strike
0-1: Foul Ball, location: 2F
0-2: Ball
1-2: Fly out, F9 (Flyball, 9LS)
Batting: LHB Seung-woo Yi 0-0: Foul Ball, location: 2F
0-1: Swinging Strike
0-2: Strikes out swinging
Batting: RHB Owen Carter 0-0: Ball
1-0: Ball
2-0: Ball
3-0: Base on Balls
Batting: LHB Mario García 0-0: Called Strike
0-1: Ball
1-1: Ball
2-1: SINGLE (Groundball, 25) (infield hit)
Alberto Gómez to third
Owen Carter to second
Batting: RHB Glenn Melican 0-0: Ground out 5-3 (Groundball, 56S)
Bottom of the 7th over - 0 run(s), 2 hit(s), 0 error(s), 3 left on base; Baffin Island 8 - San Francisco 3
TOP OF THE 8TH
Baffin Island Beavers batting - Pitching for San Francisco Bandits : RHP Alfonso Martínez
Batting: RHB Eduardo García 0-0: Ball
1-0: SINGLE (Groundball, 56) (infield hit)
Batting: LHB Norberto Muñóz 0-0: Reached on error, E4 (Groundball, 4)
Eduardo García to second
Batting: RHB Dave Craig 0-0: Called Strike
0-1: Called Strike
0-2: Ball
1-2: Fly out, F6 (Line Drive, 6)
Batting: RHB Tony Morton 0-0: Called Strike
0-1: Foul Ball, location: 2F
0-2: Ball
1-2: Fly out, F8 (Flyball, 8LM)
Batting: LHB Robert Phillips 0-0: Called Strike
0-1: Ball
1-1: Called Strike
1-2: Ball
2-2: Ball
3-2: Strikes out swinging
Top of the 8th over - 0 run(s), 1 hit(s), 1 error(s), 2 left on base; Baffin Island 8 - San Francisco 3
BOTTOM OF THE 8TH
San Francisco Bandits batting - Pitching for Baffin Island Beavers : RHP Colm Stewart
Batting: LHB Anacleto Morillo 0-0: Ball
1-0: Foul Ball, location: 2F
1-1: SINGLE (Groundball, 4MD)
Batting: RHB Scott Merritt 0-0: Ball
1-0: Ball
2-0: Grounds into double play, 5-4-3 (Groundball, 5)
Batting: RHB Ramón Ruíz 0-0: Foul Ball, location: 2F
0-1: Ball
1-1: Ball
2-1: Called Strike
2-2: Strikes out swinging
Bottom of the 8th over - 0 run(s), 1 hit(s), 0 error(s), 0 left on base; Baffin Island 8 - San Francisco 3
TOP OF THE 9TH
Baffin Island Beavers batting - Pitching for San Francisco Bandits : RHP Alfonso Martínez
Batting: LHB Lorenzo Villa 0-0: Foul Ball, location: 2F
0-1: Foul Ball, location: 2F
0-2: Ball
1-2: Ball
2-2: Ball
3-2: Fly out, F7 (Flyball, 7S)
Batting: LHB Keng-chi Lao 0-0: DOUBLE (Flyball, 78XD)
Batting: LHB Mike MacFadden 0-0: Called Strike
0-1: Swinging Strike
0-2: Ball
1-2: Foul Ball, location: 2F
1-2: Foul Ball, location: 2F
1-2: Strikes out swinging
Batting: RHB Ángelo García 0-0: SINGLE (Groundball, 56) (infield hit)
Keng-chi Lao to third
Batting: RHB Eduardo García 0-0: Foul Ball, location: 2F
0-1: Swinging Strike
0-2: Ball
1-2: Ball
2-2: Foul Ball, location: 2F
2-2: DOUBLE (Line Drive, 89D)
Keng-chi Lao scores
Ángelo García to third
Runner from 3rd tries for Home, SAFE, no throw
Batting: LHB Norberto Muñóz 0-0: Foul Ball, location: 2F
0-1: Swinging Strike
0-2: Strikes out looking
Top of the 9th over - 2 run(s), 3 hit(s), 0 error(s), 1 left on base; Baffin Island 10 - San Francisco 3
BOTTOM OF THE 9TH
San Francisco Bandits batting - Pitching for Baffin Island Beavers : RHP Colm Stewart
Batting: LHB Alberto Gómez 0-0: Fly out, F7 (Flyball, 7LM)
Batting: RHB Gustavo Ortíz 0-0: Foul Ball, location: 2F
0-1: Ground out 6-3 (Groundball, 56)
Batting: LHB Seung-woo Yi 0-0: Called Strike
0-1: Ball
1-1: Ball
2-1: Foul Ball, location: 2F
2-2: Ground out U3 (Groundball, 34)
Bottom of the 9th over - 0 run(s), 0 hit(s), 0 error(s), 0 left on base; Baffin Island 10 - San Francisco 3
Tuesday, August 8th, 2017 - OOTP Baseball 17.12 Build 75